 Dungeon Crawl Stone Soup version 0.28.0-45-g0d030f2227 (webtiles) character file.

Game seed: 14153973553126587484

3738 nickcage the Carver (level 10, -2/74 HPs)
             Began as a Formicid Abyssal Knight on Apr 14, 2022.
             Was an Elder of Lugonu.
             Slain by Maggie
             ... wielding a +6 halberd of venom
              (9 damage)
             ... on level 8 of the Dungeon.
             The game lasted 00:22:20 (7260 turns).

nickcage the Carver (Formicid Abyssal Knight)       Turns: 7260, Time: 00:22:21

Health: -2/74      AC: 15    Str: 22    XL:     10   Next: 37%
Magic:  11/11      EV:  5    Int: 10    God:    Lugonu [****..]
Gold:   357        SH:  9    Dex: 11    Spells: 9/9 levels left

rFire   + . .      SeeInvis +   l - +1 great sword
rCold   + . .      Faith    .   r - +0 kite shield
rNeg    . . .      Spirit   .   x - +0 plate armour
rPois   +          Reflect  .   (helmet unavailable)
rElec   +          Harm     .   (no cloak)
rCorr   +          Rampage  .   k - +0 pair of gloves
Will    +....                   n - +0 pair of boots
Stlth   ..........              t - amulet of regeneration
HPRegen 1.02/turn               (no ring)
MPRegen 0.12/turn               (no ring)

@: resistant, mesmerised
A: permanent stasis, dig shafts and tunnels, antennae 3, four strong arms
a: Dig, Shaft Self, Renounce Religion, Depart the Abyss, Bend Space, Banish,
Corrupt


You were on level 8 of the Dungeon.
You worshipped Lugonu.
Lugonu was greatly pleased with you.
You visited 1 branch of the dungeon, and saw 8 of its levels.
You visited the Abyss 1 time.

You collected 357 gold pieces.

Inventory:

Hand Weapons
 a - a +1 falchion
 e - a +1 short sword of venom
 l - a +1 great sword (weapon)
 z - a +2 scimitar of flaming
Missiles
 g - 7 boomerangs (quivered)
 p - 22 poisoned darts
Armour
 b - a +0 leather armour
 k - a +0 pair of gloves (worn)
 n - a +0 pair of boots (worn)
 o - a +0 chain mail
 q - a scarf of shadows
 r - a +0 kite shield (worn)
 u - a +0 scale mail
 x - a +0 plate armour (worn)
Jewellery
 t - an amulet of regeneration (around neck)
 B - a ring of fire
 D - a ring of ice
Wands
 j - a wand of iceblast (16)
 w - a wand of flame (22)
 E - a wand of polymorph (12)
Scrolls
 i - a scroll of amnesia
 m - 2 scrolls of magic mapping
 v - 2 scrolls of noise
 y - 2 scrolls of identify
Potions
 c - a potion of mutation {unknown}
 h - a potion of invisibility
 s - a potion of haste
 A - a potion of brilliance {unknown}


   Skills:
 + Level 5.5 Fighting
 - Level 11.6 Long Blades
 - Level 0.1 Throwing
 + Level 6.3 Armour
 - Level 0.8 Dodging
 - Level 6.0 Shields
 - Level 2.1 Invocations


You had 9 spell levels left.
You didn't know any spells.
Your spell library contained the following spells:

 Spells                   Type           Power      Damage    Failure   Level
 Gell's Gravitas          Tloc           0%         N/A       100%        3
 Teleport Other           Tloc           0%         N/A       100%        3
 Dispersal                Tloc           0%         N/A       100%        6


Dungeon Overview and Level Annotations

Branches:
Dungeon (8/15)             Temple (0/1) D:5
   Lair: D:8-11

Altars:
Dithmenos
Lugonu

Annotations:
D:5 3 runed translucent doors, zeratav's ghost, novice GrEE
D:7 2 transporters
D:8 Maggie


Innate Abilities, Weirdness & Mutations

You cannot be hasted, slowed, berserked, paralysed or teleported.
You can dig through walls and to a lower floor.
You have a pair of large antennae on your head. (SInv)
Your four strong arms can wield two-handed weapons with a shield.


Message History

Maggie hits you with a +6 halberd of venom.
You are poisoned.
A hound comes into view.
The hound barks!
You hit Maggie.
Maggie is lightly wounded.
You feel very sick.
Maggie hits you with a +6 halberd of venom.
You are more poisoned.
You closely miss Maggie.
Maggie is lightly wounded.
You feel very sick. You block Maggie's attack.
You closely miss Maggie.
Maggie is lightly wounded.
You feel sick. You block the hound's attack.
Maggie hits you with a +6 halberd of venom.
You are more poisoned.
You block the hound's attack. Maggie casts a spell at you.
The bolt of fire hits you.
You slice the hound!!
You kill the hound!
Lugonu accepts your kill.
You feel very sick.
Maggie hits you with a +6 halberd of venom!
* * * LOW HITPOINT WARNING * * *
You are more poisoned.
You feel better.
Maggie points at you and mumbles some strange words.
The bolt of fire hits you!
* * * LOW HITPOINT WARNING * * *
You feel protected.
Maggie mumbles some strange words.
Maggie attempts to bespell you!
You are mesmerised by Maggie!
You closely miss Maggie.
Maggie is lightly wounded.
Maggie hits you with a +6 halberd of venom!
You die...

#.#####.###.# #...#
#...........######.#
#.#####..........#.# #.#
##########.#.# #.# #.#.#
#.# #.#.############ #.#
#.#............. #.#
#########.#.###.........
#.######......@....#
#.########
#.........##.@.<.### #.#
#>...<...###.##### #.#
##.####..# #[# #.# #.#
##.# #.# #.# #.# .......
≈≈. #.# ....... ≈≈. #.#
#...S≈.. #.# #...≈≈≈.


You could see Maggie (mesmerising).

Vanquished Creatures
  A two-headed ogre (D:7)
  A slime creature (D:8)
  Sigmund (D:6)
  6 yaks
  An orc warrior (D:6)
  A black bear (D:6)
  A necrophage (D:5)
  A centaur (D:5)
  A phantom (D:6)
  3 kobold brigands (D:7)
  2 bullfrogs
  Blork the orc (D:6)
  A scorpion (D:5)
  A water moccasin zombie (D:6)
  A wyvern skeleton (D:5)
  6 killer bees (D:6)
  A bullfrog zombie (D:4)
  An orc priest (D:6)
  4 hounds
  2 gnoll shamans
  A bullfrog skeleton (D:6)
  2 jellies
  An iguana (D:7)
  An orc wizard (D:7)
  A killer bee zombie (D:8)
  A hound zombie (D:5)
  A howler monkey zombie (D:7)
  11 gnolls
  10 adders
  A dart slug (D:5)
  8 orcs
  5 ball pythons
  10 endoplasms
  6 giant cockroaches
  7 goblins
  3 hobgoblins
  3 jackals (D:1)
  20 kobolds
  3 quokkas
  3 bats (D:1)
  4 frilled lizards (D:1)
  A jackal skeleton (D:2)
  7 rats
147 creatures vanquished.

Notes
Turn   | Place    | Note
-------+----------+-------------------------------------------
     0 | Abyss:1  | nickcage the Formicid Abyssal Knight began the quest for
                  | the Orb.
     0 | Abyss:1  | Reached XP level 1. HP: 18/18 MP: 2/2
    34 | D:1      | Escaped the Abyss
   124 | D:1      | Reached XP level 2. HP: 10/24 MP: 3/3
   365 | D:1      | Reached skill level 3 in Long Blades
   411 | D:1      | Reached XP level 3. HP: 2/29 MP: 4/4
   752 | D:1      | Reached ** piety under Lugonu
  1655 | D:2      | Reached skill level 4 in Long Blades
  1655 | D:2      | Reached XP level 4. HP: 28/35 MP: 5/5
  3137 | D:4      | Reached skill level 5 in Long Blades
  3137 | D:4      | Reached XP level 5. HP: 41/41 MP: 6/6
  3250 | D:4      | Reached skill level 1 in Shields
  3250 | D:4      | Reached XP level 6. HP: 47/47 MP: 7/7
  3446 | D:4      | Reached *** piety under Lugonu
  3447 | D:4      | Reached skill level 6 in Long Blades
  4129 | D:5      | Entered Level 5 of the Dungeon
  4146 | D:5      | Found a runed translucent gate.
  4149 | D:5      | Found a runed translucent gate.
  4149 | D:5      | Noticed zeratav's ghost (novice GrEE)
  4155 | D:5      | Found a runed translucent gate.
  4356 | D:5      | Reached XP level 7. HP: 52/52 MP: 8/8
  4625 | D:5      | Found a staircase to the Ecumenical Temple.
  4701 | D:5      | Reached skill level 7 in Long Blades
  4820 | D:5      | Found a shadowy altar of Dithmenos.
  4850 | D:5      | Identified a scroll of acquirement
  4850 | D:5      | Acquired an amulet of regeneration
  5228 | D:6      | Reached XP level 8. HP: 13/58 MP: 9/9
  5258 | D:6      | Reached skill level 8 in Long Blades
  5316 | D:6      | Reached skill level 5 in Shields
  5404 | D:6      | Noticed Blork the orc
  5409 | D:6      | Killed Blork the orc
  5488 | D:6      | Noticed Sigmund
  5502 | D:6      | Killed Sigmund
  5503 | D:6      | Reached skill level 9 in Long Blades
  5503 | D:6      | Reached XP level 9. HP: 63/64 MP: 10/10
  5901 | D:7      | Reached skill level 10 in Long Blades
  5931 | D:7      | Noticed a two-headed ogre
  6130 | D:7      | Reached **** piety under Lugonu
  6194 | D:7      | Found a corrupted altar of Lugonu.
  6194 | D:7      | Noticed a red ugly thing
  6194 | D:7      | Noticed a purple ugly thing
  6195 | D:7      | Noticed a cyan ugly thing
  6195 | D:7      | Noticed a cyan ugly thing
  6501 | D:6      | Reached skill level 11 in Long Blades
  6616 | D:7      | Killed a two-headed ogre
  6617 | D:7      | Reached XP level 10. HP: 16/73 MP: 11/11
  6759 | D:7      | Reached skill level 5 in Armour
  6765 | D:7      | Reached skill level 5 in Fighting
  6849 | D:7      | Found a transporter.
  6854 | D:7      | Found a transporter.
  6943 | D:8      | Noticed Maggie
  7260 | D:8      | Slain by Maggie

Illustrated notes

Levels and vault maps discovered:
D:1:      lemuel_arrival_funnel, layout_loops_ring
D:2:      layout_basic
D:3:      layout_loops_ring, amcnicky_mini_corridor_feature
D:4:      layout_basic, minmay_misc_feat_pillars
D:5:      layout_loops_ring, mainiacjoe_overflow_paths,
          minmay_temple_entry_trees, gammafunk_ghost_nasty_kobolds
D:6:      layout_basic, uniq_sigmund, uniq_blork_the_orc
D:7:      gammafunk_corrupted_shrine, layout_rooms, grunt_ministairs_13
D:8:      layout_loops_ring, erik_lair_island, uniq_maggie

Skill      XL: |  1  2  3  4  5  6  7  8  9 10 |
---------------+-------------------------------+-----
Long Blades    | 3 4 5 6 7 9 11 | 11.6
Shields        | 1 2 4 6 |  6.0
Fighting       | 4 5 |  5.5
Armour         | 4 6 |  6.3
Throwing       | |  0.1
Dodging        | |  0.8
Invocations    | |  2.1

Action                   |  1- 3 |  4- 6 |  7- 9 | 10-12 || total
-------------------------+-------+-------+-------+-------++-------
Melee: Falchion          |    71 |       |       |       ||    71
       Punch             |     2 |     1 |       |       ||     3
       Great sword       |    19 |   118 |    86 |     8 ||   231
       Scimitar          |       |       |   131 |    44 ||   175
Throw: Stone             |     3 |       |       |       ||     3
       Boomerang         |       |    21 |    23 |     7 ||    51
       Dart              |       |       |     9 |       ||     9
  Use: Scroll            |       |       |     9 |     1 ||    10
       Potion            |       |       |     2 |     2 ||     4
Armor: Leather armour    |    19 |    10 |       |       ||    29
       Chain mail        |       |    74 |    25 |       ||    99
       Plate armour      |       |       |    93 |    21 ||   114
Dodge: Dodged            |    53 |    52 |    46 |     4 ||   155
Block: Kite shield       |       |    33 |   141 |    16 ||   190
